 Dungeon Crawl Stone Soup version 0.18.1-6-gd335043 (webtiles) character file.

191 mopl the Sneak (level 5, -4/36 HPs)
             Began as a Vampire Transmuter on May 16, 2016.
             Killed from afar by an orc wizard (8 damage)
             ... with a magic dart
             ... on level 3 of the Dungeon.
             The game lasted 00:06:05 (3730 turns).

mopl the Sneak (Vampire Transmuter)                 Turns: 3730, Time: 00:06:06

Health: -4/36      AC:  4    Str:  9    XL:     5   Next: 42%
Magic:  5/8        EV: 12    Int: 16    God:
Gold:   138        SH:  0    Dex: 15    Spells: 2 memorised, 5 levels left

rFire  . . .     SeeInvis +     a - +1 short sword
rCold  + . .     Gourm    .     b - +1 robe
rNeg   + + .     Faith    .     (no shield)
rPois  +         Spirit   .     x - +1 hat
rElec  .         Dismiss  .     (no cloak)
rCorr  .         Reflect  .     (no gloves)
SustAt .         Harm     .     (no boots)
MR     .....                    (no amulet)
Stlth  ++++......               (no ring)
                                (no ring)

@: regenerating slowly, not resistant to hostile enchantments, stealthy
A: fangs 3, see invisible, unbreathing
a: Bat Form


You were on level 3 of the Dungeon.
You were very thirsty.

You visited 1 branch of the dungeon, and saw 3 of its levels.

You collected 138 gold pieces.

Inventory:

Hand Weapons
 a - a +1 short sword (weapon)
Missiles
 i - a throwing net (quivered)
 k - 79 arrows
 y - 6 tomahawks
Armour
 b - a +1 robe (worn)
 w - a +1 leather armour of fire resistance
 x - a +1 hat (worn)
Wands
 o - a wand of lightning (12/15)
 t - a wand of digging (19/24)
Scrolls
 h - 2 scrolls of recharging
 m - 3 scrolls of enchant armour
 p - a scroll of teleportation {unknown}
 q - a scroll of identify {unknown}
 r - 4 scrolls of remove curse
 u - a scroll of fog
 v - a scroll of enchant weapon
Potions
 d - 5 potions of blood
 e - 4 potions of lignification {unknown}
 f - 2 potions of cancellation {unknown}
 g - a potion of mutation {unknown}
 j - a potion of brilliance {unknown}
 n - 2 potions of curing {unknown}
 s - a potion of flight {unknown}
 z - a potion of might {unknown}
Books
 c - a book of Changes

   Spells                             Type                      Level
   a - Beastly Appendage              Transmutation                1
   b - Sticks to Snakes               Transmutation                2
   c - Spider Form                    Transmutation/Poison         3
   d - Ice Form                       Ice/Transmutation            4
   e - Blade Hands                    Transmutation                5
 l - a book of Enchantments

   Spells                             Type                      Level
   a - Cause Fear                     Hexes                        4
   b - Yara's Violent Unravelling     Hexes/Transmutation          5
   c - Silence                        Hexes/Air                    5
   d - Deflect Missiles               Charms/Air                   6
   e - Haste                          Charms                       6
   f - Discord                        Hexes                        8


   Skills:
 - Level 0.8 Fighting
 + Level 3.1 Short Blades
 - Level 2.1 Dodging
 * Level 6.8 Stealth
 - Level 3.2 Unarmed Combat
 - Level 2.0 Spellcasting
 - Level 2.1 Transmutations


You had 5 spell levels left.
You knew the following spells:

 Your Spells              Type           Power        Failure   Level  Hunger
a - Beastly Appendage     Trmt           #.....       10%         1    #......
w - Sticks to Snakes      Trmt           #.......     14%         2    ###....


Dungeon Overview and Level Annotations

Branches:
Dungeon (3/15)

Altars:
Trog
Yredelemnul


Innate Abilities, Weirdness & Mutations

You heal slowly.
You have razor-sharp teeth.
You have supernaturally acute eyesight.
You can survive without breathing.


Message History

Press: ? - help, Dir - move target cursor, f - orc wizard
Aim: an orc wizard, wielding a dagger and wearing a robe (heavily wounded, slightly transparent) Attack!
The orc wizard hits your adder but does no damage.
Unknown command.
Your adder withers and dies!
The orc wizard casts a spell at you. The puff of flame hits you!
* * * LOW HITPOINT WARNING * * *
Casting: Sticks to Snakes
Confirm with . or Enter, or press ? or * to list all spells.
You create a snake!
You now have 79 arrows.
The orc wizard hits you with a dagger.
* * * LOW HITPOINT WARNING * * *
Unknown command.
You hit the orc wizard.
The orc wizard is severely wounded.
The orc wizard gestures at you while chanting.
The magic dart hits you!
You die...

#.##.#.# #.##.#.# ..
#####.##...#..### .###
......[....#.... ...#
#####.###.###.# #...#
#.............# <...#
#.......##.##.#####....#
#.......##........).....
#.......###.....@o†#
#.......# #......S.#
#.......# #.....S..#
#......)# #........#
######### #........#
#..>.....# #........#
#........# #........#


You could see an orc wizard (invisible) and 2 friendly ball pythons.

Vanquished Creatures
  An orc priest (D:3)
  5 adders
  3 gnolls (D:3)
  2 dart slugs (D:2)
  A giant gecko (D:2)
  5 orcs (D:3)
  2 giant cockroaches
  8 goblins
  11 hobgoblins
  2 kobolds
  A ball python (D:2)
  4 bats
  2 giant newts (D:1)
  5 rats
52 creatures vanquished.

Vanquished Creatures (collateral kills)
  An orc wizard (D:3)
  An adder (D:2)
  A giant gecko (D:2)
  3 orcs (D:3)
  A hobgoblin (D:2)
  A kobold (D:2)
  A quokka (D:3)
9 creatures vanquished.

Grand Total: 61 creatures vanquished

Notes
Turn   | Place    | Note
--------------------------------------------------------------
     0 | D:1      | mopl the Vampire Transmuter began the quest for the Orb.
     0 | D:1      | Reached XP level 1. HP: 14/14 MP: 3/3
   106 | D:1      | Reached skill level 1 in Stealth
   133 | D:1      | Reached skill level 2 in Stealth
   192 | D:1      | You fall through a shaft!
   212 | D:2      | Reached XP level 2. HP: 20/20 MP: 5/5
   216 | D:2      | Learned a level 2 spell: Sticks to Snakes
   259 | D:2      | Reached skill level 3 in Stealth
   444 | D:2      | Reached skill level 1 in Short Blades
   478 | D:2      | Reached XP level 3. HP: 4/25 MP: 1/6
   482 | D:2      | Reached skill level 4 in Stealth
   757 | D:2      | Found a basalt altar of Yredelemnul.
  1775 | D:2      | Reached skill level 2 in Short Blades
  1775 | D:2      | Reached XP level 4. HP: 22/31 MP: 7/7
  1800 | D:2      | Reached skill level 5 in Stealth
  2802 | D:3      | Found a bloodstained altar of Trog.
  2989 | D:3      | Reached skill level 6 in Stealth
  2997 | D:3      | Reached XP level 5. HP: 17/36 MP: 2/8
  3026 | D:3      | Found a bloodstained altar of Trog.
  3710 | D:3      | Reached skill level 3 in Short Blades
  3730 | D:3      | Killed from afar by an orc wizard

Skill      XL: |  1  2  3  4  5 |
---------------+----------------+-----
Stealth        | 2 3 4 6 |  6.8
Short Blades   | 1 2 3 |  3.1
Fighting       | |  0.8
Dodging        | |  2.1
Unarmed Combat | |  3.2
Spellcasting   | |  2.0
Transmutations | |  2.1

Action                   |  1- 3 |  4- 6 || total
-------------------------+-------+-------++-------
Melee: Unarmed           |    13 |       ||    13
       Short sword       |    92 |   107 ||   199
       Bite              |     5 |     8 ||    13
       Punch             |     1 |       ||     1
Throw: Throwing net      |     1 |       ||     1
 Cast: Sticks to Snakes  |     2 |    12 ||    14
  Use: Scroll            |     4 |     1 ||     5
       Potion            |       |     3 ||     3
 Stab: Sleeping          |     4 |     2 ||     6
       Distracted        |       |     2 ||     2
Armor: Robe              |    13 |    10 ||    23
Dodge: Dodged            |    65 |    58 ||   123
